 Dungeon Sprint DCSS version 0.30-a0-210-g01b79a254e (webtiles) character file.

Game seed: 2914084903675715811

46 mhtbhm the Trooper (level 3, -1/40 HPs)
             Began as a Gargoyle Berserker on Oct 4, 2022.
             Was a Believer of Trog.
             Slain by a wolf (6 damage)
             ... in the Dungeon (Sprint III: "The Ten Rune Challenge").
             The game lasted 00:00:19 (102 turns).

mhtbhm the Trooper (Gargoyle Berserker)              Turns: 102, Time: 00:00:19

Health: -1/40      AC:  5    Str: 22    XL:     3   Next: 66%
Magic:  3/3        EV: 12    Int:  7    God:    Trog [**....]
Gold:   0          SH:  0    Dex:  9    Spells: 2/2 levels left

rFire   . . .      SeeInvis .    a - +0 mace
rCold   . . .      Faith    .    (no shield)
rNeg    + . .      Spirit   .    b - +0 animal skin
rPois   ∞          Reflect  .    (no helmet)
rElec   +          Harm     .    (no cloak)
rCorr   .          Rampage  .    (no gloves)
Will    .....      NoTele   +    (no boots)
Stlth   ..........               (no amulet)
HPRegen 0.26/turn                (no ring)
MPRegen 0.08/turn                (no ring)

@: berserking (expiring), very quick
A: sickness immunity, AC +3, negative energy resistance 1, electricity
resistance, torment resistance 1, petrification resistance
a: Renounce Religion, Berserk, Trog's Hand


You were in the Dungeon.
You worshipped Trog.
Trog was pleased with you.
You visited 1 branch

Inventory:

Hand Weapons
 a - a +0 mace (weapon)
Armour
 b - a +0 animal skin (worn)
Scrolls
 h - a scroll of blinking
Potions
 c - a potion of curing
 d - a potion of heal wounds
 e - a potion of haste
 f - 2 potions of magic
 g - a potion of berserk rage
 i - a potion of mutation {unknown}
 j - a potion of brilliance {unknown}


   Skills:
 + Level 5.7 Fighting
 + Level 5.0 Maces & Flails
 + Level 3.1 Armour
 + Level 2.6 Dodging
 + Level 0.9 Stealth


You had 2 spell levels left.
You didn't know any spells.
Your spell library was empty.

Dungeon Overview and Level Annotations

Branches:
Dungeon (1/1)

Altars:


Innate Abilities, Weirdness & Mutations

You are immune to sickness and miasma.
Your stone body is resilient. (AC +3)
You are immune to poison.
You resist negative energy. (rN+)
You are resistant to electric shocks. (rElec)
You are resistant to unholy torment.
You are immune to petrification.


Message History

You start waiting.
You recover from your berserk rage.
A rat comes into view.
The rat barely misses you.
You hit the rat but do no damage. The rat closely misses you.
You closely miss the rat. The rat barely misses you.
You hit the rat but do no damage. The rat barely misses you.
The rat misses you.
You hit the rat.
You kill the rat!
Trog accepts your kill.
No target in view!
No target in view!
No target in view!
You see here a rat corpse.
A human comes into view.
The human shouts!
A wolf comes into view.
A red film seems to cover your vision as you go berserk!
You feel yourself moving faster!
You feel mighty! The wolf bites you.
You closely miss the human. The wolf bites you but does no damage.
You sock the human!
The human is moderately wounded.
The wolf bites you. The human barely misses you. The wolf bites you.
You thump the human!
The human is heavily wounded.
The wolf bites you! The human closely misses you.
You thump the human!
The human is severely wounded.
The wolf misses you. The human hits you but does no damage.
You thump the human!
You kill the human!
Trog accepts your kill. The wolf bites you! x2
* * * LOW HITPOINT WARNING * * *
Your Maces & Flails skill increases to level 5!
Your Armour skill increases to level 3!
Unknown command.
You barely miss the wolf. The wolf bites you.
You die...

▓...#......##
▓..##.....).# .#
▓##.##.##...# .#
##.##.###..# ..#
▓#.####.##..# ...+
▓.###..##.†##
#...# ▓#.....##..#
#....#
###..##...##.....#
#..##....#@h....#
#..###..##.#.....#
#[. #.. ####....#
▓▓▓ ▓▓▓ ▓▓▓▓▓


You could see a wolf.

Vanquished Creatures
  Jessica (D)
  A human (D)
  3 rats (D)
5 creatures vanquished.

Notes
Turn   | Place    | Note
-------+----------+-------------------------------------------
     0 | D        | mhtbhm the Gargoyle Berserker began the quest for the Orb.
     0 | D        | Reached XP level 1. HP: 14/14 MP: 1/1
    21 | D        | Noticed Jessica
    31 | D        | Killed Jessica
    31 | D        | Reached ** piety under Trog
    32 | D        | Reached skill level 5 in Fighting
    32 | D        | Reached XP level 2. HP: 16/21 MP: 2/2
    32 | D        | Reached XP level 3. HP: 21/26 MP: 3/3
   102 | D        | Reached skill level 5 in Maces & Flails
   102 | D        | Slain by a wolf

Illustrated notes

Levels and vault maps discovered:
D:        dungeon_sprint_mu [sprint_mu_entry_cave, sprint_mu_temple_rooms,
          sprint_mu_d1_horrors, sprint_mu_d2_genie, sprint_mu_d3_branching,
          sprint_mu_orc_legion, sprint_mu_elf_gauntlet, sprint_mu_hive_nellie,
          sprint_mu_lair_fedhas, sprint_mu_vaults_butterflies,
          sprint_mu_slime_circle, sprint_mu_swamp_cave, sprint_mu_shoals_archi,
          sprint_mu_blade_basic, sprint_mu_crypt_lich, sprint_mu_tomb_spiral,
          sprint_mu_vestibule_basic, sprint_mu_gehenna_hellfire,
          sprint_mu_dis_giant, sprint_mu_tartarus_statrot,
          sprint_mu_cocytus_islands, sprint_mu_zot1]

Skill      XL: |  1  2  3 |
---------------+----------+-----
Fighting       | 5 |  5.7
Maces & Flails | 4 5 |  5.0
Dodging        | 2 |  2.6
Armour         | 3 |  3.1
Stealth        | |  0.9

Action                   || total
-------------------------++-------
Melee: Mace              ||    17
Invok: Berserk           ||     2
 Stab: Sleeping          ||     1
Armor: Animal skin       ||     4
Dodge: Dodged            ||    10

Table legend: (Time is in decaauts)
 A = Elapsed time spent in this place.
 B = Non-inter-level travel time spent in this place.
 C = Inter-level travel time spent in this place.
 D = Time resting spent in this place.
 E = Time spent auto-exploring this place.
 F = Levels seen in this place.
 G = Mean time per level.
                   A        B        C        D        E       F      G
               +--------+--------+--------+--------+--------+-----+--------+
         Total |    115 |    115 |      0 |     47 |      6 |   1 |  115.0 |
       Dungeon |    115 |    115 |      0 |     47 |      6 |   1 |  115.0 |
               +--------+--------+--------+--------+--------+-----+--------+

Top non-repeatable levels by time:
       D: 115 daAuts
